 Dungeon Crawl Stone Soup version 0.24-a0-537-g2d01d4ab0a (webtiles) character file.

Game seed: 8263445064448346813

130 Kae the Spear-Bearer (level 5, -2/38 HPs)
             Began as a Merfolk Gladiator on Aug 14, 2019.
             Killed from afar by an orc wizard (4 damage)
             ... with a puff of flame
             ... on level 4 of the Dungeon.
             The game lasted 00:02:06 (2400 turns).

Kae the Spear-Bearer (Merfolk Gladiator)            Turns: 2400, Time: 00:02:08

Health: -2/38      AC:  5    Str: 16    XL:     5   Next: 14%
Magic:  5/5        EV: 17    Int:  7    God:
Gold:   35         SH:  0    Dex: 15    Spells: 4/4 levels left

rFire    . . .     SeeInvis .   a - +1 trident
rCold    + . .     Gourm    +   (no shield)
rNeg     . . .     Faith    .   b - +0 leather armour
rPois    .         Spirit   .   k - +2 hat
rElec    .         Reflect  .   (no cloak)
rCorr    .         Harm     .   (no gloves)
MR       .....                  (boots currently unavailable)
Stlth    +.........             i - amulet of the gourmand
HPRegen  0.12/turn              n - ring of attention (curse)
MPRegen  0.09/turn              o - ring of protection from cold

@: very quick
A: change form in water, swift swim, stealthy swim
a: no special abilities


You were on level 4 of the Dungeon.
You were near starving.

You visited 1 branch of the dungeon, and saw 4 of its levels.

You collected 35 gold pieces.

Inventory:

Hand Weapons
 a - a +1 trident (weapon)
Missiles
 d - 3 throwing nets (quivered)
Armour
 b - a +0 leather armour (worn)
 c - a +0 helmet
 k - a +2 hat (worn)
Jewellery
 i - an amulet of the gourmand (around neck)
 n - a cursed ring of attention (left hand)
 o - a ring of protection from cold (right hand)
Scrolls
 g - a scroll of remove curse
 m - 2 scrolls of identify
Potions
 e - a potion of brilliance
Comestibles
 f - 7 rations


   Skills:
 - Level 2.1 Fighting
 + Level 8.2 Polearms
 - Level 2.0 Throwing
 - Level 4.0 Dodging


You had 4 spell levels left.
You didn't know any spells.
Your spell library was empty.

Dungeon Overview and Level Annotations

Branches:
Dungeon (4/15)
 Temple: D:4-7

Altars:


Message History

The orc wizard flickers and vanishes!
You see here an adder corpse.
You start resting.
There is a strange disturbance nearby!
You closely miss something. You closely miss something.
Your tail-slap misses something.
You hear some strange, mumbled words.
A puff of flame appears from out of thin air!
The puff of flame misses you.
You hit something.
You are engulfed in a cloud of scalding steam.
* * * LOW HITPOINT WARNING * * *
You hear a splashing noise.
You miss something.
You are engulfed in a cloud of scalding steam.
* * * LOW HITPOINT WARNING * * *
You hear some strange, mumbled words.
A puff of flame appears from out of thin air!
The puff of flame hits you.
You die...

.........####
..........!..
............
.........). ..........
......... #........
#......### ###
##+##......... #@#
....[###+##...##{#
..............#†≈#
..............≈≈≈# ##
..............≈≈≈##K.#
.....###......≈≈)≈#K.#
.....# .##...≈≈≈##K.#
.....###+#####≈≈≈# ##
.............##≈##


There were no monsters in sight!

Vanquished Creatures
  An orc wizard (D:4)
  A bullfrog skeleton (D:4)
  2 adders
  A worm (D:2)
  A dart slug (D:1)
  3 leopard geckos
  An orc (D:4)
  A ball python (D:1)
  2 giant cockroaches
  7 goblins
  3 hobgoblins
  10 bats
  3 frilled lizards
  5 kobolds
  6 rats
47 creatures vanquished.

Vanquished Creatures (others)
  An orc (D:4)
1 creature vanquished.

Grand Total: 48 creatures vanquished

Notes
Turn   | Place    | Note
-------+----------+-------------------------------------------
     0 | D:1      | Kae the Merfolk Gladiator began the quest for the Orb.
     0 | D:1      | Reached XP level 1. HP: 16/16 MP: 1/1
    52 | D:1      | Reached skill level 5 in Polearms
   166 | D:1      | Reached XP level 2. HP: 22/22 MP: 2/2
   378 | D:1      | Reached skill level 6 in Polearms
   378 | D:1      | Reached XP level 3. HP: 27/27 MP: 3/3
  1978 | D:3      | Reached XP level 4. HP: 30/33 MP: 4/4
  2033 | D:3      | Reached skill level 7 in Polearms
  2342 | D:4      | Reached skill level 8 in Polearms
  2342 | D:4      | Reached XP level 5. HP: 11/38 MP: 5/5
  2353 | D:4      | Noticed a big kobold
  2400 | D:4      | Killed from afar by an orc wizard

Levels and vault maps discovered:
D:1:      lightli_arrival_flooded_house, layout_loops_ring
D:2:      layout_basic
D:3:      layout_loops_ring, chequers_ecumenical_altar_lobes,
          minmay_box_of_dots, uniq_robin
D:4:      cheibrodos_thug_alley, layout_basic, minmay_temple_entry_junction

Skill      XL: |  1  2  3  4 |
---------------+-------------+-----
Polearms       | 5 6 8 |  8.2
Fighting       | |  2.1
Throwing       | |  2.0
Dodging        | |  4.0

Action                   |  1- 3 |  4- 6 || total
-------------------------+-------+-------++-------
Melee: Trident           |   117 |    32 ||   149
       Tailslap          |       |     1 ||     1
  Use: Scroll            |     7 |       ||     7
 Stab: Sleeping          |     2 |       ||     2
  Eat: Chunk             |     2 |     1 ||     3
Armor: Leather armour    |    26 |     5 ||    31
Dodge: Dodged            |    71 |    29 ||   100

Table legend:
 A = Non-vault XP
 B = Vault XP
 C = Vault XP percentage of total XP
 D = Non-vault monster count
 E = Vault monster count
 F = Vault count percentage of total count
                 A         B        C        D         E       F
            +---------+---------+-------+---------+---------+-------
      Total |     185 |       2 |   1.1 |      46 |       2 |   4.2
            +---------+---------+-------+---------+---------+-------
        D:1 |      40 |       0 |   0.0 |      25 |       0 |   0.0
        D:2 |      36 |       0 |   0.0 |      13 |       0 |   0.0
        D:3 |       7 |       2 |  22.2 |       3 |       2 |  40.0
        D:4 |     102 |       0 |   0.0 |       5 |       0 |   0.0
            +---------+---------+-------+---------+---------+-------
